 Dungeon Crawl Stone Soup version 0.25.0-15-gac7dcb8 (webtiles) character file.

Game seed: 3900921564240560926

74 pmoppi the Skirmisher (level 4, -2/37 HPs)
             Began as a Demonspawn Monk on June 29, 2020.
             Slain by a worker ant (5 damage)
             ... on level 3 of the Dungeon.
             The game lasted 00:02:47 (2566 turns).

pmoppi the Skirmisher (Demonspawn Monk)             Turns: 2566, Time: 00:02:48

Health: -2/37      AC:  8    Str: 12    XL:     4   Next: 10%
Magic:  4/4        EV: 10    Int: 11    God:
Gold:   97         SH:  0    Dex: 16    Spells: 3/3 levels left

rFire    . . .     SeeInvis .   a - +0 spear
rCold    . . .     Gourm    .   (no shield)
rNeg     . . .     Faith    .   n - +0 scale mail
rPois    .         Spirit   .   (helmet restricted)
rElec    .         Reflect  .   o - +0 cloak
rCorr    .         Harm     .   (no gloves)
MR       .....                  (no boots)
Stlth    +.........             (no amulet)
HPRegen  0.12/turn              (no ring)
MPRegen  0.09/turn              (no ring)

@: lethally poisoned (-2 -> -20)
A: horns 1, rugged brown scales 1
a: no special abilities


You were on level 3 of the Dungeon.
You were not hungry.

You visited 1 branch of the dungeon, and saw 3 of its levels.

You collected 97 gold pieces.

Inventory:

Hand Weapons
 a - a +0 spear (weapon)
Armour
 n - a +0 scale mail (worn)
 o - a +0 cloak (worn)
Jewellery
 i - an uncursed ring of magical power {unknown}
Scrolls
 d - 4 scrolls of identify {unknown}
 f - 2 scrolls of teleportation {unknown}
 h - 2 scrolls of remove curse {unknown}
 l - a scroll of magic mapping {unknown}
 p - a scroll of immolation {unknown}
Potions
 b - a potion of might {unknown}
 e - a potion of curing {unknown}
 g - a potion of flight {unknown}
 j - a potion of mutation {unknown}
 k - 2 potions of lignification {unknown}
 m - a potion of brilliance {unknown}
Comestibles
 c - 3 rations
 q - a chunk of flesh


   Skills:
 + Level 3.6 Fighting
 + Level 3.2 Polearms
 + Level 3.2 Dodging
 + Level 2.5 Stealth


You had 3 spell levels left.
You didn't know any spells.
Your spell library was empty.

Dungeon Overview and Level Annotations

Branches:
Dungeon (3/15)

Altars:
Cheibriados

Annotations:
D:2 1 runed translucent door, Crazy Yiuf


Innate Abilities, Weirdness & Mutations

You have a pair of small horns on your head.
You are partially covered in rugged brown scales. (AC +1, +3% HP)


Message History

You are too injured to fight recklessly!
You barely miss the worker ant.
The worker ant is moderately wounded.
* * * LOW HITPOINT WARNING * * *
You feel sick. The worker ant bites you.
* * * LOW HITPOINT WARNING * * *
You barely miss the worker ant.
The worker ant is moderately wounded.
* * * LOW HITPOINT WARNING * * *
You feel sick. The worker ant closely misses you.
You hit the worker ant but do no damage.
The worker ant is moderately wounded.
* * * LOW HITPOINT WARNING * * *
You feel sick. The worker ant bites you.
* * * LOW HITPOINT WARNING * * *
You barely miss the worker ant.
The worker ant is moderately wounded.
* * * LOW HITPOINT WARNING * * *
You feel sick. The worker ant bites you.
You die...

#.###.##.##.# ..# ##
#.##..#...#.......
#.##............#.#
##.##..#....#...##.#
#......##...###... .
#.###......### ..##
#.# #...##...#....
#.# #.#.#........
#.# #....@a...# #.#
###.#...#.# #..
...##.## ### ###..
... #.# #.#. #.# ..
# #.# ##. #. .#


You could see a worker ant.

Vanquished Creatures
  2 adders
  2 dart slugs
  2 leopard geckos
  A giant cockroach (D:3)
  6 goblins
  2 hobgoblins (D:1)
  8 jackals (D:1)
  A quokka (D:2)
  A ball python (D:1)
  7 bats
  A frilled lizard (D:1)
  8 kobolds
  9 rats
50 creatures vanquished.

Notes
Turn   | Place    | Note
-------+----------+-------------------------------------------
     0 | D:1      | pmoppi the Demonspawn Monk began the quest for the Orb.
     0 | D:1      | Reached XP level 1. HP: 18/18 MP: 1/1
   257 | D:1      | Gained mutation: You have a pair of small horns on your
                  | head. [demonic ancestry]
   257 | D:1      | Reached XP level 2. HP: 21/24 MP: 2/2
   610 | D:1      | Reached XP level 3. HP: 23/29 MP: 3/3
  1577 | D:2      | Found a snail-covered altar of Cheibriados.
  2117 | D:2      | Found a runed translucent door.
  2118 | D:2      | Noticed Crazy Yiuf
  2331 | D:3      | Gained mutation: You are partially covered in rugged brown
                  | scales. (AC +1, +3% HP) [demonic ancestry]
  2331 | D:3      | Reached XP level 4. HP: 26/36 MP: 4/4
  2566 | D:3      | Slain by a worker ant

Illustrated notes

Levels and vault maps discovered:
D:1:      dpeg_arrival_central, layout_basic, st_stairs_14
D:2:      layout_basic, lemuel_round_altar, uniq_crazy_yiuf_cottage
D:3:      layout_loops_corners, first_ration, hangedman_decor_clover_reticule

Skill      XL: |  1  2 |
---------------+-------+-----
Stealth        | 2 |  2.5
Dodging        | 3 |  3.2
Polearms       | 3 |  3.2
Fighting       | |  3.6

Action                   |  1- 3 |  4- 6 || total
-------------------------+-------+-------++-------
Melee: Spear             |   168 |    27 ||   195
       Headbutt          |    15 |     3 ||    18
 Stab: Sleeping          |     6 |       ||     6
       Distracted        |     1 |       ||     1
  Eat: Chunk             |     3 |       ||     3
       Ration            |       |     1 ||     1
Armor: Robe              |    14 |       ||    14
       Scale mail        |    25 |     4 ||    29
Dodge: Dodged            |   109 |    15 ||   124
